 Dungeon Crawl Stone Soup version 0.28-a0-872-g80cf8599ee (webtiles) character file.

Game seed: 5072226172857284072

26008 lorenzova the Eclecticist (level 12, 0/59 HPs)
             Began as a Deep Elf Conjurer on Nov 20, 2021.
             Was a High Priest of Vehumet.
             Slain by a komodo dragon (20 damage)
             ... on level 6 of the Lair of Beasts.
             The game lasted 00:35:04 (16168 turns).

lorenzova the Eclecticist (Deep Elf Conjurer)      Turns: 16168, Time: 00:35:05

Health: 0/59       AC: 12    Str:  4    XL:     12   Next: 94%
Magic:  27/35      EV: 12    Int: 29    God:    Vehumet [*****.]
Gold:   727        SH:  0    Dex: 13    Spells: 26/45 levels left

rFire   . . .      SeeInvis .   F - staff of poison
rCold   . . .      Faith    .   (no shield)
rNeg    . . .      Spirit   .   a - +0 robe
rPois   +          Reflect  .   (no helmet)
rElec   .          Harm     .   (no cloak)
rCorr   +          Rampage  .   c - +2 pair of gloves
Will    +....                   i - +2 pair of boots
Stlth   ++........              x - amulet of magic regeneration
HPRegen 0.19/turn               B - +4 ring of protection
MPRegen 0.49/turn               D - ring of resist corrosion

@: sluggish, very slow
A: no striking features
a: Renounce Religion


You were on level 6 of the Lair of Beasts.
You worshipped Vehumet.
Vehumet was extremely pleased with you.
You visited 2 branches of the dungeon, and saw 16 of its levels.
You also visited: Volcano.

You collected 783 gold pieces.
You spent 56 gold pieces at shops.

Inventory:

Hand Weapons
 b - a +3 spectral dagger
Armour
 a - a +0 robe (worn)
 c - a +2 pair of gloves (worn)
 i - a +2 pair of boots (worn)
Magical Staves
 F - a staff of poison (weapon)
 I - a staff of air
Jewellery
 g - a +4 ring of evasion
 t - a +6 ring of strength
 x - an amulet of magic regeneration (around neck)
 B - a +4 ring of protection (left hand)
 D - a ring of resist corrosion (right hand)
 N - a ring of wizardry
Wands
 f - a wand of digging (3)
 m - a wand of flame (42)
 o - a wand of mindburst (11)
 J - a wand of charming (7)
Scrolls
 j - 2 scrolls of vulnerability
 p - 3 scrolls of fog
 q - 5 scrolls of amnesia
 s - a scroll of fear
 v - 4 scrolls of enchant weapon
 w - a scroll of magic mapping
 y - 2 scrolls of enchant armour
 z - a scroll of blinking
 H - 2 scrolls of identify
 K - a scroll of summoning {unknown}
 M - a scroll of acquirement {unknown}
Potions
 d - 2 potions of cancellation
 e - 4 potions of attraction
 h - 6 potions of haste
 k - 3 potions of brilliance
 l - 3 potions of might
 n - 2 potions of berserk rage
 u - 2 potions of ambrosia
 A - 3 potions of flight
 C - a potion of invisibility
 E - a potion of mutation {unknown}
 L - a potion of curing


   Skills:
 - Level 2.4 Dodging
 - Level 2.4 Stealth
 * Level 17.4 Spellcasting
 * Level 15.3 Conjurations
 - Level 9.0 Hexes
 - Level 6.0 Translocations
 * Level 6.7 Fire Magic
 * Level 2.1 Air Magic


You had 26 spell levels left.
You knew the following spells:

 Your Spells              Type           Power      Damage    Failure   Level
a - Magic Dart            Conj           100%       1d8       0%          1
b - Searing Ray           Conj           100%       2d8       0%          2
c - Iskenderun's Mystic   Conj/Tloc      72%        2d15      1%          4
d - Fulminant Prism       Conj/Hex       38%        3d18      1%          4
f - Fireball              Conj/Fire      36%        3d15      1%          5
k - Swiftness             Air            37%        N/A       2%          3

Your spell library contained the following spells:

 Spells                   Type           Power      Damage    Failure   Level
 Iron Shot                Conj/Erth      31%        9d6       3%          6
 Beastly Appendage        Tmut           50%        N/A       1%          1
 Shock                    Conj/Air       100%       1d9       1%          1
 Scorch                   Fire           100%       2d10      1%          2
 Dazzling Flash           Conj/Hex       100%       N/A       1%          3
 Portal Projectile        Hex/Tloc       100%       N/A       1%          3
 Flame Wave               Conj/Fire      73%        3d13      1%          4
 Hailstorm                Conj/Ice       62%        3d13      1%          4
 Freezing Cloud           Conj/Ice/Air   28%        6-21      1%          5
 Wereblood                Tmut           25%        N/A       2%          2
 Airstrike                Air            18%        N/A       2%          4
 Leda's Liquefaction      Hex/Erth       25%        N/A       2%          4
 Call Canine Familiar     Summ           25%        N/A       5%          3
 Spider Form              Tmut/Pois      37%        N/A       5%          3
 Lee's Rapid Deconstruct  Erth           12%        3d10*     13%         5
 Ice Form                 Ice/Tmut       25%        N/A       17%         4
 Simulacrum               Ice/Necr       12%        N/A       95%         6
 Statue Form              Tmut/Erth      16%        N/A       95%         6
 Summon Cactus Giant      Summ           12%        N/A       95%         6
 Polar Vortex             Ice            12%        N/A       100%        9


Dungeon Overview and Level Annotations

Branches:
Dungeon (10/15)            Temple (0/1) D:4            Lair (6/6) D:10
 Shoals (0/4) Lair:3       Spider (0/4) Lair:4          Orc (0/2) D:10
Volcano (visited)
  Slime: Lair:5-6

Altars:
Elyvilon
Fedhas
Kikubaaqudgha
Okawaru
Vehumet
Yredelemnul
Zin

Shops:
D:7 **

Annotations:
D:8 Joseph
Lair:3 2 transporters


Message History

The plant is lightly damaged.
The mystic blast hits the fungus!
The fungus is lightly damaged.
The mystic blast hits the fungus!
The fungus is lightly damaged.
The mystic blast hits the fungus!!
The fungus is lightly damaged.
The mystic blast hits the komodo dragon!
The komodo dragon is moderately wounded.
The komodo dragon is knocked back by the mystic blast.
You hear an angry hiss.
You hear a bellow! x2; You hear an angry hiss.
You hear a croak.
A nearby fungus withers and dies.
A water moccasin comes into view.
A nearby plant withers and dies.
A nearby fungus withers and dies. x2
A water moccasin comes into view.
A wyvern comes into view.
A cane toad comes into view.
The komodo dragon bites you but does no damage.
Casting: Iskenderun's Mystic Blast (safe; 1% risk of failure)
Confirm with . or Enter, or press ? or * to list all spells.
You erupt in a blast of force!
The mystic blast hits the plant!
The plant begins to die.
The plant is lightly damaged.
The mystic blast hits the fungus!
The fungus begins to die.
The fungus is lightly damaged.
The mystic blast hits the plant!!
The plant begins to die.
The plant is lightly damaged.
The mystic blast hits the water moccasin!
The water moccasin is heavily wounded.
The water moccasin is knocked back by the mystic blast.
The mystic blast hits the fungus!!
The fungus begins to die.
The fungus is lightly damaged.
The mystic blast hits the water moccasin!
The water moccasin is moderately wounded.
The water moccasin is knocked back by the mystic blast.
The mystic blast hits the komodo dragon but does no damage.
The komodo dragon is moderately wounded.
The komodo dragon bites you!! The komodo dragon bites you!! x2
You die...

≈≈≈≈,,≈*≈≈≈...........,,,,......÷
,,,,,,≈≈≈≈≈..........,.........##
,,,,,,,,....S...................#
,,,**,,,,P.........##........§...
,,,,,*,,.##.P.P..P##$.§§≈≈≈≈§§...
,,,,,,,,..........###.≈≈#≈#§§≈..§
,,,,,,,,.....l........≈≈§#≈§§§.§^
,,,,,,,,..............§≈≈≈§≈§≈..#
,,,,,,,,.....F.l@.....≈≈§§≈§≈§...
,,,,,,,,.#...P.S......§≈§≈§§§≈<..
,,*,,,,,#...............§.§§§....
,,,*,,,,.........................
,,,*,,,,.........................
,,,*,,,,..................÷......
,,,*,,,,.................÷÷......
,,,*,,,,,........................
,,,*,,,,,,,,,....................


You could see a komodo dragon, a cane toad, 2 water moccasins and a wyvern.

Vanquished Creatures
  2 hydras
  A two-headed ogre (D:9)
  4 death yaks (Lair:4)
  Pikel (D:7)
  A merfolk siren (Lair:3)
  A black mamba (Lair:2)
  7 cane toads
  Maggie (Lair:1)
  An efreet (Volcano)
  A komodo dragon (D:10)
  A merfolk (Lair:3)
  A troll (D:9)
  17 blink frogs
  Grinder (D:6)
  11 dream sheep
  A wraith (D:7)
  29 yaks
  3 wyverns
  3 basilisks
  A fire elemental (Volcano)
  2 vampire mosquitoes (D:10)
  3 steam dragons
  An acid dragon (D:10)
  7 water moccasins
  2 ice beasts (D:5)
  6 black bears
  3 orc warriors
  An ogre (D:6)
  3 centaurs
  8 wolves
  3 necrophages
  3 lemures (D:7)
  2 phantoms (D:4)
  2 kobold brigands
  11 bullfrogs
  6 scorpions
  3 killer bees (D:6)
  5 wights (D:8)
  2 electric eels
  3 howler monkeys (D:9)
  A lava snake (Lair:6)
  4 centaur zombies
  2 hounds
  6 orc priests
  3 centaur skeletons
  2 iguanas
  A bullfrog skeleton (D:5)
  Terence (D:2)
  4 orc wizards
  A scorpion zombie (D:5)
  4 gnolls
  4 adders
  3 white imps (D:7)
  An ufetubus (D:7)
  2 adder skeletons
  3 worms
  3 dart slugs (D:1)
  16 orcs
  8 endoplasms
  16 giant cockroaches
  4 goblins
  7 hobgoblins
  11 kobolds
  3 quokkas
  8 ball pythons
  3 bats
  2 frilled lizards (D:1)
  A fire vortex (Volcano)
288 creatures vanquished.

Vanquished Creatures (others)
  A human (D:3)
  An orc wizard (D:8)
  3 bushes
  A fire vortex (Volcano)
  93 fulminant prisms
  86 fungi
  83 plants
268 creatures vanquished.

Grand Total: 556 creatures vanquished

Notes
Turn   | Place    | Note
-------+----------+-------------------------------------------
     0 | D:1      | lorenzova the Deep Elf Conjurer began the quest for the
                  | Orb.
     0 | D:1      | Reached XP level 1. HP: 10/10 MP: 6/6
   157 | D:1      | Reached XP level 2. HP: 15/15 MP: 2/8
   718 | D:1      | Found a faded altar of an unknown god.
   797 | D:1      | You fall into a shaft and drop 1 floor!
   807 | D:2      | Reached skill level 4 in Spellcasting
   807 | D:2      | Reached skill level 5 in Conjurations
   807 | D:2      | Reached XP level 3. HP: 13/19 MP: 2/10
   904 | D:2      | Learned a level 2 spell: Searing Ray
   994 | D:2      | Noticed Terence
  1295 | D:2      | Killed Terence
  1742 | D:2      | Reached XP level 4. HP: 24/24 MP: 6/12
  2110 | D:3      | Found an ancient bone altar of Kikubaaqudgha.
  2164 | D:3      | Reached skill level 5 in Spellcasting
  2464 | D:3      | Found a radiant altar of Vehumet.
  2780 | D:3      | Became a worshipper of Vehumet
  3135 | D:3      | Noticed a human
  3138 | D:3      | Killed a human
  3649 | D:4      | Reached XP level 5. HP: 28/28 MP: 8/14
  3971 | D:4      | Found a staircase to the Ecumenical Temple.
  3987 | D:4      | Identified the amulet of Ucixkoaxa {Spirit +Blink Will-
                  | Str+2}
  4036 | D:4      | Noticed a phantom
  4045 | D:4      | Killed a phantom
  4046 | D:4      | Reached skill level 6 in Spellcasting
  4122 | D:4      | Reached XP level 6. HP: 32/32 MP: 8/17
  4644 | D:4      | Reached skill level 7 in Spellcasting
  4766 | D:5      | Entered Level 5 of the Dungeon
  4854 | D:5      | Reached * piety under Vehumet
  4854 | D:5      | Offered knowledge of Freeze by Vehumet.
  4870 | D:5      | Reached XP level 7. HP: 36/36 MP: 15/20
  4974 | D:5      | Found an iron altar of Okawaru.
  4974 | D:5      | Found a glowing silver altar of Zin.
  5093 | D:5      | Reached skill level 8 in Spellcasting
  5151 | D:5      | Found a white marble altar of Elyvilon.
  5387 | D:5      | Reached skill level 9 in Spellcasting
  5387 | D:5      | Reached XP level 8. HP: 41/41 MP: 17/23
  5665 | D:6      | Noticed Grinder
  5668 | D:6      | Paralysed by Grinder for 7 turns
  5680 | D:6      | Killed Grinder
  5681 | D:6      | Reached skill level 10 in Spellcasting
  6151 | D:6      | HP: 2/41 [killer bee (4)]
  6161 | D:6      | Reached skill level 11 in Spellcasting
  6161 | D:6      | Reached skill level 10 in Conjurations
  6717 | D:7      | Learned a level 4 spell: Iskenderun's Mystic Blast
  6722 | D:7      | Learned a level 4 spell: Fulminant Prism
  6734 | D:7      | Reached XP level 9. HP: 45/45 MP: 22/26
  6791 | D:7      | Reached ** piety under Vehumet
  6791 | D:7      | Offered knowledge of Scorch by Vehumet.
  6792 | D:7      | Reached skill level 1 in Hexes
  6792 | D:7      | Reached skill level 1 in Translocations
  7099 | D:7      | Noticed Pikel
  7118 | D:7      | Killed Pikel
  7142 | D:7      | Reached skill level 12 in Spellcasting
  7265 | D:7      | Found Peekyw's Specific Store.
  7265 | D:7      | Found Uphuc's General Store.
  7278 | D:7      | Bought a scroll of identify for 28 gold pieces
  7278 | D:7      | Bought a scroll of identify for 28 gold pieces
  7801 | D:8      | Found a basalt altar of Yredelemnul.
  7928 | D:8      | Noticed Joseph
  8245 | D:9      | Noticed a troll
  8255 | D:9      | Killed a troll
  8256 | D:9      | Reached XP level 10. HP: 50/50 MP: 28/28
  8272 | D:9      | Noticed a two-headed ogre
  8278 | D:9      | Killed a two-headed ogre
  8279 | D:9      | Reached skill level 13 in Spellcasting
  8290 | D:9      | Offered knowledge of Poisonous Vapours by Vehumet.
  8631 | D:9      | Reached *** piety under Vehumet
  8632 | D:9      | Reached skill level 5 in Hexes
  8890 | D:9      | Noticed an eight-headed hydra
  8903 | D:9      | Killed an eight-headed hydra
  9563 | D:10     | Entered Level 10 of the Dungeon
  9653 | D:10     | Noticed a death drake
  9716 | D:10     | Noticed a guardian serpent
  9737 | D:10     | Reached skill level 14 in Spellcasting
  9737 | D:10     | Reached skill level 5 in Translocations
  9802 | D:10     | Noticed a harpy
  9812 | D:10     | a harpy changed into a hornet
  9821 | D:10     | Noticed a four-headed hydra
 10026 | D:10     | Offered knowledge of Stone Arrow by Vehumet.
 10027 | D:10     | Reached XP level 11. HP: 16/54 MP: 31/31
 10291 | D:10     | Noticed an orb spider
 10329 | D:10     | Found a staircase to the Lair.
 10489 | D:10     | Found a blossoming altar of Fedhas.
 10547 | D:10     | Found a staircase to the Orcish Mines.
 10780 | D:10     | Killed a four-headed hydra
 10846 | D:10     | Noticed a swamp dragon
 10953 | Lair:1   | Entered Level 1 of the Lair of Beasts
 10965 | Lair:1   | Noticed Maggie
 10977 | Lair:1   | Killed Maggie
 11204 | Lair:1   | Reached skill level 15 in Spellcasting
 11457 | Lair:1   | Found a glowing silver altar of Zin.
 11858 | Lair:2   | Found a dark tunnel.
 11865 | Volcano  | Entered a volcano
 12462 | Lair:2   | Reached **** piety under Vehumet
 12476 | Lair:2   | Offered knowledge of Fireball by Vehumet.
 12495 | Lair:1   | Learned a level 5 spell: Fireball
 12574 | Lair:2   | Reached skill level 1 in Fire Magic
 13450 | Lair:3   | Reached skill level 16 in Spellcasting
 13454 | Lair:3   | Reached XP level 12. HP: 59/59 MP: 24/34
 13849 | Lair:3   | Found a staircase to the Shoals.
 14216 | Lair:3   | Found a transporter.
 14217 | Lair:3   | Found a transporter.
 14217 | Lair:3   | Noticed a boulder beetle
 15059 | Lair:4   | Noticed a death yak
 15064 | Lair:4   | Noticed a death yak
 15070 | Lair:4   | Killed a death yak
 15071 | Lair:4   | Reached skill level 5 in Fire Magic
 15072 | Lair:4   | Killed a death yak
 15102 | Lair:4   | Noticed a death yak
 15102 | Lair:4   | Noticed a death yak
 15108 | Lair:4   | Killed a death yak
 15109 | Lair:4   | Reached skill level 17 in Spellcasting
 15109 | Lair:4   | Killed a death yak
 15175 | Lair:4   | Reached skill level 15 in Conjurations
 15182 | Lair:4   | Reached ***** piety under Vehumet
 15186 | Lair:4   | Offered knowledge of Iron Shot by Vehumet.
 15191 | Lair:4   | Learned a level 3 spell: Swiftness
 15302 | Lair:4   | Reached skill level 1 in Air Magic
 15519 | Lair:4   | Found a hole to the Spider Nest.
 15583 | Lair:4   | You fall into a shaft and drop 2 floors!
 15583 | Lair:6   | Entered Level 6 of the Lair of Beasts
 15606 | Lair:6   | Noticed a dire elephant
 15606 | Lair:6   | Noticed a deep troll shaman
 15606 | Lair:6   | Noticed a catoblepas
 15606 | Lair:6   | Noticed a death yak
 15606 | Lair:6   | Noticed a death yak
 15606 | Lair:6   | Noticed a death yak
 15606 | Lair:6   | Noticed a death yak
 15609 | Lair:6   | Noticed a death yak
 16168 | Lair:6   | Slain by a komodo dragon

Illustrated notes

Levels and vault maps discovered:
D:1:      wander_arrival_peaceful_grave, layout_loops_cross,
          chequers_ecumenical_altar_grove
D:2:      minmay_roachtagon, layout_basic, uniq_terence
D:3:      layout_basic, lemuel_round_altar, tgw_kikubaaqudgha,
          minmay_shallow_snake_nest
D:4:      layout_gridville, temple_green
D:5:      layout_loops_ring, lemuel_crystal_altar,
          chequers_temple_overflow_statue_of_worship, grunt_decor_resistance,
          minmay_fractal_squares_diagonal_5
D:6:      layout_basic, uniq_grinder
D:7:      layout_cave_pools, nicolae_specific_store, minmay_between, uniq_pikel
D:8:      layout_rooms, kennysheep_mini, st_stairs_10,
          minmay_misc_feat_more_columns, uniq_joseph
D:9:      layout_cave_pods
D:10:     layout_rooms, fedhas_bush_and_centaur_altar,
          due_lair_maze_entry_diamond, orc_0_dummy, nicolae_fountain_basement
Lair:1:   layout_chaotic_city, basic_altar, cheibrodos_lair_caveside_slide,
          uniq_maggie
Lair:2:   wander_river, layout_cave_pods, nicolae_volcano_entry_lava_flow,
          nicolae_quartered_pool_super, fungi_pond_lemuel
Lair:3:   gammafunk_boulding_lane, layout_regular_city, elwin_shoals_entry_rooms
Lair:4:   layout_loops_ring, nicolae_spider_entry_non_spiders
Lair:5:   layout_cave_pods, dpeg_slime_entry_enclosed_altar
Lair:6:   grunt_lair_end_beastmaster, layout_gridlike,
          portal_ice_cave_entry_ice_simulacra, serial_bayou_shore_b

Skill      XL: |  1  2  3  4  5  6  7  8  9 10 11 12 |
---------------+-------------------------------------+-----
Spellcasting   | 4 5 6 7 9 11 12 14 16 17 | 17.4
Conjurations   | 5 6 7 8 10 11 12 14 15 | 15.3
Hexes          | 4 6 8 9 |  9.0
Translocations | 3 5 6 |  6.0
Fire Magic     | 2 6 |  6.7
Air Magic      | 2 |  2.1
Dodging        | |  2.4
Stealth        | |  2.4

Action                   |  1- 3 |  4- 6 |  7- 9 | 10-12 || total
-------------------------+-------+-------+-------+-------++-------
Melee: Flail             |     3 |       |       |       ||     3
       Unarmed           |     3 |       |       |       ||     3
       Staff             |       |       |       |     1 ||     1
 Cast: Magic Dart        |    45 |    99 |    64 |    81 ||   289
       Searing Ray       |     2 |    12 |    35 |    35 ||    84
       Fulminant Prism   |       |       |    19 |    74 ||    93
       Iskenderun's Myst |       |       |     4 |    49 ||    53
       Fireball          |       |       |       |    66 ||    66
       Swiftness         |       |       |       |     1 ||     1
Evoke: Wand              |       |       |       |     1 ||     1
  Use: Scroll            |       |    13 |     5 |    12 ||    30
       Potion            |       |       |     1 |     5 ||     6
Armor: Robe              |     3 |     6 |    14 |    30 ||    53
Dodge: Dodged            |     8 |    19 |    42 |    46 ||   115

Table legend: (Time is in decaauts)
 A = Elapsed time spent in this place.
 B = Non-inter-level travel time spent in this place.
 C = Inter-level travel time spent in this place.
 D = Time resting spent in this place.
 E = Time spent auto-exploring this place.
 F = Levels seen in this place.
 G = Mean time per level.
                   A        B        C        D        E       F      G
               +--------+--------+--------+--------+--------+-----+--------+
         Total |  16237 |  15745 |    492 |   5807 |   7864 |  17 |  955.1 |
       Dungeon |  10984 |  10627 |    357 |   3630 |   5628 |  10 | 1098.4 |
          Lair |   5223 |   5089 |    134 |   2177 |   2236 |   6 |  870.5 |
       Volcano |     29 |     29 |      0 |      0 |      0 |   1 |   29.0 |
               +--------+--------+--------+--------+--------+-----+--------+

Top non-repeatable levels by time:
     D:3: 1611 daAuts
  Lair:2: 1390 daAuts
     D:9: 1388 daAuts
    D:10: 1367 daAuts
  Lair:3: 1316 daAuts
  Lair:4: 1290 daAuts
     D:4: 1138 daAuts
     D:2: 1094 daAuts
     D:7: 1055 daAuts
     D:5: 1054 daAuts
     D:1: 921 daAuts
  Lair:1: 900 daAuts
     D:6: 873 daAuts
     D:8: 480 daAuts
  Lair:5: 213 daAuts
